 Dungeon Crawl Stone Soup version 0.30-a0-6-g7c9e10e132 (webtiles) character file.

Game seed: 2085275723369060434

175 ytrimaz the Trooper (level 5, 0/46 HPs)
             Began as a Demonspawn Monk on Aug 22, 2022.
             Slain by a scorpion (6 damage)
             ... on level 4 of the Dungeon.
             The game lasted 00:03:43 (3283 turns).

ytrimaz the Trooper (Demonspawn Monk)               Turns: 3283, Time: 00:03:44

Health: 0/46       AC:  6    Str:  9 (11) XL:     5   Next: 29%
Magic:  5/5        EV: 13    Int: 12 (14) God:
Gold:   174        SH:  0    Dex: 20 (21) Spells: 4/4 levels left

rFire   . . .      SeeInvis .    r - +0 rapier
rCold   . . .      Faith    .    (no shield)
rNeg    . . .      Spirit   .    b - +0 robe
rPois   +          Reflect  .    (no helmet)
rElec   .          Harm     .    (no cloak)
rCorr   .          Rampage  .    g - +0 pair of gloves
Will    .....                    (no boots)
Stlth   ++........               m - amulet of the acrobat
HPRegen 0.15/turn                f - +6 ring of dexterity
MPRegen 0.09/turn                o - ring of poison resistance

@: attractive
A: thin metallic scales 2, weakness stinger 1
a: no special abilities


You were on level 4 of the Dungeon.
You visited 1 branch of the dungeon, and saw 4 of its levels.

You collected 174 gold pieces.

Inventory:

Hand Weapons
 a - a +1 short sword
 r - a +0 rapier (weapon)
Armour
 b - a +0 robe (worn)
 e - a +0 tower shield
 g - a +0 pair of gloves (worn)
Jewellery
 f - a +6 ring of dexterity (left hand)
 m - an amulet of the acrobat (around neck)
 o - a ring of poison resistance (right hand)
Wands
 i - a wand of flame (8)
 q - a wand of mindburst (8)
Scrolls
 d - a scroll of immolation
 k - 4 scrolls of teleportation
 n - a scroll of magic mapping
Potions
 c - a potion of ambrosia
 h - a potion of magic
 j - 2 potions of heal wounds


   Skills:
 + Level 5.7 Fighting
 - Level 3.1 Short Blades
 - Level 2.6 Dodging
 - Level 1.7 Stealth


You had 4 spell levels left.
You didn't know any spells.
Your spell library contained the following spells:

 Spells                   Type           Power      Damage    Failure   Level
 Magic Dart               Conj           0%         1d3       32%         1
 Searing Ray              Conj           0%         2d4       45%         2
 Static Discharge         Conj/Air       0%         3-3/arc   45%         2
 Fulminant Prism          Conj/Hex       0%         3d6       97%         4
 Lightning Bolt           Conj/Air       0%         1d11      100%        5
 Maxwell's Capacitive Co  Air            0%         ∞         100%        8


Dungeon Overview and Level Annotations

Branches:
Dungeon (4/15)
 Temple: D:4-7

Altars:


Innate Abilities, Weirdness & Mutations

You are mostly covered in thin metallic scales. (AC +3)
You have a small tail.


Message History

The orc hits you but does no damage.
The scorpion stings you but does no damage.
Something is attracted toward you.
You are too injured to fight recklessly!
You hit the scorpion but do no damage. Something barely misses you.
The orc barely misses you. The scorpion closely misses you.
You are too confused!
Unknown command.
Okay, then.
You are too confused!
You hit the scorpion.
The scorpion is lightly wounded.
Something hits you. The scorpion misses you. The orc is attracted toward you.
Unknown command.
The orc shouts!
You hit the scorpion but do no damage.
The scorpion is lightly wounded.
The scorpion barely misses you. Something hits you but does no damage.
The orc hits you with a +0 hand axe.
You miss the scorpion.
Your tail-slap misses the scorpion.
The scorpion is lightly wounded.
The scorpion stings you. Something hits you but does no damage.
The scorpion stings you.
* * * LOW HITPOINT WARNING * * *
The orc hits you with a +0 hand axe.
* * * LOW HITPOINT WARNING * * *
You're too confused to move!
The scorpion misses you. Something hits you.
* * * LOW HITPOINT WARNING * * *
The orc barely misses you.
You are too injured to fight recklessly!
You hit the scorpion.
Your tail-slap misses the scorpion.
The scorpion is heavily wounded.
The scorpion closely misses you. Something hits you but does no damage.
The orc closely misses you.
You are too injured to fight recklessly!
You closely miss the scorpion.
The scorpion is heavily wounded.
You feel less confused. The scorpion stings you.
You die...

#.........## ####s#
#....#.##..# ##.....#
#....#.#...###.....o#
#....#.#........{...#
##...#.#....#._.#...##
#...#.#........o....#
#...#.#.......#.....#
#.#....o.###....#
.......o@s......
.................
..#############.( ..


You could see a scorpion and 2 orcs.

Vanquished Creatures
  An orc priest (D:3)
  Ijyb (D:3)
  3 adders
  An adder zombie (D:2)
  2 adder skeletons (D:2)
  2 worms
  A dart slug (D:1)
  4 orcs (D:3)
  A bat skeleton (D:2)
  A bat zombie (D:2)
  5 endoplasms
  4 giant cockroaches
  5 goblins
  6 hobgoblins
  2 quokkas
  8 ball pythons
  A ball python skeleton (D:2)
  4 bats
  3 frilled lizards (D:1)
  9 kobolds
  11 rats
75 creatures vanquished.

Vanquished Creatures (others)
  A withered plant (D:2)
1 creature vanquished.

Grand Total: 76 creatures vanquished

Notes
Turn   | Place    | Note
-------+----------+-------------------------------------------
     0 | D:1      | ytrimaz the Demonspawn Monk began the quest for the Orb.
     0 | D:1      | Reached XP level 1. HP: 18/18 MP: 1/1
   611 | D:1      | Gained mutation: You have a small tail. [demonic ancestry]
   611 | D:1      | Reached XP level 2. HP: 22/24 MP: 2/2
   900 | D:1      | Found a faded altar of an unknown god.
  1521 | D:2      | Gained mutation: You are partially covered in thin metallic
                  | scales. (AC +2) [demonic ancestry]
  1521 | D:2      | Reached XP level 3. HP: 30/30 MP: 3/3
  1732 | D:2      | Reached skill level 4 in Fighting
  2103 | D:2      | Gained mutation: You are mostly covered in thin metallic
                  | scales. (AC +3) [demonic ancestry]
  2103 | D:2      | Reached XP level 4. HP: 36/38 MP: 4/4
  2439 | D:3      | Reached skill level 5 in Fighting
  2675 | D:3      | Noticed Ijyb
  2697 | D:3      | Killed Ijyb
  2698 | D:3      | Reached XP level 5. HP: 25/45 MP: 5/5
  3283 | D:4      | Slain by a scorpion

Illustrated notes

Levels and vault maps discovered:
D:1:      dpeg_arrival_castle, layout_basic,
          shapermc_ecumenical_altar_totnotflames, serial_bayou_pond_d
D:2:      layout_basic, serial_undead, serial_undead_f, serial_undead_f,
          serial_undead_c, serial_undead_e, hangedman_decor_lopped,
          dk_noncrumbling_3
D:3:      layout_rooms, uniq_ijyb
D:4:      layout_basic, mainiacjoe_overflow_tiny_flanked,
          minmay_temple_entry_slanted, gammafunk_ghost_mausoleum,
          kennysheep_decorative_pillar, amethyst_killhole,
          amcnicky_mini_pool_small

Skill      XL: |  1  2  3  4 |
---------------+-------------+-----
Short Blades   | 3 |  3.1
Fighting       | 4 5 |  5.7
Dodging        | |  2.6
Stealth        | |  1.7

Action                   |  1- 3 |  4- 6 || total
-------------------------+-------+-------++-------
Melee: Short sword       |   155 |    44 ||   199
       Tailslap          |    11 |    11 ||    22
       Punch             |     1 |     2 ||     3
       Rapier            |       |    60 ||    60
  Use: Scroll            |     3 |     6 ||     9
       Potion            |       |     5 ||     5
 Stab: Sleeping          |     9 |     3 ||    12
       Distracted        |     1 |       ||     1
Armor: Robe              |    37 |    38 ||    75
Dodge: Dodged            |   100 |    84 ||   184

Table legend: (Time is in decaauts)
 A = Elapsed time spent in this place.
 B = Non-inter-level travel time spent in this place.
 C = Inter-level travel time spent in this place.
 D = Time resting spent in this place.
 E = Time spent auto-exploring this place.
 F = Levels seen in this place.
 G = Mean time per level.
                   A        B        C        D        E       F      G
               +--------+--------+--------+--------+--------+-----+--------+
         Total |   3271 |   3151 |    120 |      0 |   2497 |   4 |  817.8 |
       Dungeon |   3271 |   3151 |    120 |      0 |   2497 |   4 |  817.8 |
               +--------+--------+--------+--------+--------+-----+--------+

Top non-repeatable levels by time:
     D:1: 1517 daAuts
     D:3: 940 daAuts
     D:2: 746 daAuts
     D:4: 67 daAuts
